 Dungeon Crawl Stone Soup version 0.29-a0-813-g4a14ea37d6 (webtiles) character file.

Game seed: 14949704265734163133

6 Anon1729 the Charlatan (level 2, 0/23 HPs)
             Began as a Meteoran Artificer on July 4, 2022.
             Constricted to death by a ball python (1 damage)
             ... on level 2 of the Dungeon.
             The game lasted 00:01:13 (109 turns).

Anon1729 the Charlatan (Meteoran Artificer)          Turns: 109, Time: 00:01:14

Health: 0/23       AC:  3    Str: 13    XL:     2   Next: 11%
Magic:  3/3        EV:  8    Int: 12    God:
Gold:   17         SH:  0    Dex: 14    Spells: 1/1 levels left

rFire   . . .      SeeInvis .   a - +0 club
rCold   . . .      Faith    .   (no shield)
rNeg    . . .      Spirit   .   b - +0 leather armour
rPois   .          Reflect  .   (no helmet)
rElec   .          Harm     .   (no cloak)
rCorr   .          Rampage  .   (no gloves)
Will    .....                   (no boots)
Stlth   +.........              (no amulet)
HPRegen 0.07/turn               (no ring)
MPRegen 0.08/turn               (no ring)

@: glowing, constricted
A: sense surroundings 1, otherworldly, glowing, explore regen
a: no special abilities


You were on level 2 of the Dungeon.
You visited 1 branch of the dungeon, and saw 2 of its levels.

You collected 17 gold pieces.

Inventory:

Hand Weapons
 a - a +0 club (weapon)
Armour
 b - a +0 leather armour (worn)
Wands
 c - a wand of flame (15) (quivered)
 d - a wand of charming (15)
 e - a wand of iceblast (9)
Potions
 f - a potion of mutation {unknown}
 g - a potion of degeneration {unknown}


   Skills:
 + Level 1.2 Fighting
 + Level 0.2 Staves
 + Level 2.6 Armour
 + Level 1.4 Dodging
 + Level 0.8 Stealth
 + Level 3.7 Evocations


You had one spell level left.
You didn't know any spells.
Your spell library was empty.

Dungeon Overview and Level Annotations

Branches:
Dungeon (2/15) Zot: 1080

Altars:

Annotations:
D:2 Robin


Innate Abilities, Weirdness & Mutations

You passively map a small area around you.
You are easily found by Zot.
You glow in the dark.
You regain HP and MP as you explore.


Message History

Robin shouts!
The goblin shouts! x7; You hear a shout!
A goblin comes into view. It is wielding a +0 dagger.
A hobgoblin comes into view.
Robin moves out of view.
The goblin moves out of view. x2
The hobgoblin attacks as you move away! The hobgoblin completely misses you.
The hobgoblin attacks as you move away! The hobgoblin misses you.
You see here a +0 whip.
You hear a zap.
You hear a grinding noise.
You are too injured to fight recklessly!
You are too injured to fight recklessly!
You are too injured to fight recklessly!
You are too injured to fight recklessly!
You are too injured to fight recklessly!
You are too injured to fight recklessly!
You barely miss the hobgoblin. The hobgoblin misses you. x2
You barely miss the hobgoblin.
You hear a zap.
You hear a grinding noise.
The hobgoblin attacks as you move away! The hobgoblin closely misses you.
The goblin attacks as you move away! The goblin hits you with a +0 club.
The goblin attacks as you move away! The goblin hits you with a +0 club.
A ball python comes into view.
The ball python hisses angrily.
The goblin attacks as you move away! The goblin hits you with a +0 club.
* * * LOW HITPOINT WARNING * * *
Robin throws the goblin at you! The goblin hits you with a +0 dagger.
* * * LOW HITPOINT WARNING * * *
The goblin attacks as you move away! The goblin barely misses you.
The ball python attacks as you move away!
The ball python bites you but does no damage.
The goblin shouts!
Robin roars a battlecry!
The goblins go into a battle-frenzy!
Robin hits you with a +0 mace.
* * * LOW HITPOINT WARNING * * *
A giant cockroach comes into view.
Robin barely misses you. The goblin hits you with a +0 dagger.
* * * LOW HITPOINT WARNING * * *
The ball python barely misses you. The ball python grabs you.
The ball python constricts you.
You die...

.. ... ### ....
######.##.....
#ggg.........#
#.####g####.#
#.g#*#g#
#####.#g##S# ,
##......gg@g# *
#..<.....#..#* ,^
* * #..###.#.#.g#
, *
#..###.#.#.#.., *
#..#.....#.#.. , ,
*
#..#.......'....g.
#..........#....g.
#.##.#.#.####.....
* #........# #..g.


You could see Robin, a hobgoblin (strong), 6 goblins and a ball python.

Vanquished Creatures
  A goblin (D:1)
  2 kobolds
  A ball python (D:1)
  2 rats (D:1)
6 creatures vanquished.

Notes
Turn   | Place    | Note
-------+----------+-------------------------------------------
     0 | D:1      | Anon1729 the Meteoran Artificer began the quest for the
                  | Orb.
     0 | D:1      | Reached XP level 1. HP: 16/16 MP: 2/2
    40 | D:1      | Found a faded altar of an unknown god.
    66 | D:1      | Reached XP level 2. HP: 15/23 MP: 3/3
    90 | D:2      | Noticed Robin
   109 | D:2      | HP: 1/23 [goblin/+0 dagger[Robin] (3)]
   109 | D:2      | Constricted to death by a ball python

Illustrated notes

Levels and vault maps discovered:
D:1:      scummos_arrival_star, layout_loops_ring,
          ebering_ecumenical_altar_ruins
D:2:      layout_loops_corners, uniq_robin, uniq_crazy_yiuf_cottage,
          uniq_natasha

Action                   || total
-------------------------++-------
Melee: Club              ||    31
       Punch             ||     1
Armor: Leather armour    ||     9
Dodge: Dodged            ||    32

Table legend: (Time is in decaauts)
 A = Elapsed time spent in this place.
 B = Non-inter-level travel time spent in this place.
 C = Inter-level travel time spent in this place.
 D = Time resting spent in this place.
 E = Time spent auto-exploring this place.
 F = Levels seen in this place.
 G = Mean time per level.
                   A        B        C        D        E       F      G
               +--------+--------+--------+--------+--------+-----+--------+
         Total |    119 |    119 |      0 |      0 |      1 |   2 |   59.5 |
       Dungeon |    119 |    119 |      0 |      0 |      1 |   2 |   59.5 |
               +--------+--------+--------+--------+--------+-----+--------+

Top non-repeatable levels by time:
     D:1: 78 daAuts
     D:2: 41 daAuts
